 Dungeon Crawl Stone Soup version 0.31-a0-1163-gcee99d1eea (webtiles) character file.

Game seed: 16564340917955053522

166 James the Ruffian (level 5, -17/36 HPs)
             Began as an Octopode Shapeshifter on Dec 9, 2023.
             Demolished by an ogre
             ... wielding a +0 giant club
              (36 damage)
             ... on level 3 of the Dungeon.
             The game lasted 00:04:50 (2576 turns).

James the Ruffian (Octopode Shapeshifter)           Turns: 2576, Time: 00:04:51

Health: -17/36     AC:  1    Str: 15    XL:     5   Next: 47%
Magic:  5/5        EV: 13    Int: 12    God:
Gold:   97         SH:  0    Dex: 12    Spells: 4/4 levels left

rFire   . .          .
                       - Unarmed
rCold   . . .        (no shield)
rNeg    . . .        (helmet currently unavailable)
rPois   .            (no amulet)
rElec   .            q - ring of wizardry
rCorr   .            (no ring)
SInv    .            (no ring)
Will    .....        (no ring)
Stlth   ++           (no ring)
HPRegen 0.26/turn    (no ring)
MPRegen 0.09/turn    (no ring)
                     (no ring)

%: wizardry (x1)
@: beast-form
A: beast (slay +1), almost no armour, amphibious, 8 rings, camouflage 1,
gelatinous body 1, (nimble swimmer 1), tentacles
a: Begin Untransformation


You were on level 3 of the Dungeon.
You were a hulking beast.
You visited 1 branch of the dungeon, and saw 3 of its levels.

You collected 130 gold pieces.
You spent 33 gold pieces at shops.

Inventory:

Missiles
 e - 39 stones
 h - 2 poisoned darts (quivered)
Jewellery
 q - a ring of wizardry (left tentacle)
   (You found it on level 2 of the Dungeon)
Talismans
 b - a beast talisman
 c - a flux talisman
Scrolls
 f - a scroll of silence {unknown}
 i - a scroll of torment {unknown}
 j - a scroll of summoning {unknown}
 k - 2 scrolls of identify {unknown}
 n - a scroll of noise {unknown}
 p - a scroll of acquirement {unknown}
 r - a scroll of blinking {unknown}
Potions
 a - a potion of lignification {!q}
 d - 2 potions of mutation {unknown}
 g - 2 potions of curing {@q1}
 l - a potion of magic {unknown}
 m - a potion of might {unknown}
 o - a potion of degeneration {unknown}
 s - a potion of brilliance {unknown}


   Skills:
 - Level 3.0 Fighting
 - Level 2.0 Dodging
 - Level 5.0 Unarmed Combat
 + Level 3.2 Shapeshifting


You had 4 spell levels left.
You didn't know any spells.
Your spell library contained the following spells:

 Spells                   Type           Power      Damage    Failure   Level
 Lesser Beckoning         Tloc           0%         N/A       21%         2
 Gell's Gravitas          Tloc           0%         N/A       36%         3
 Teleport Other           Tloc           0%         N/A       36%         3


Dungeon Overview and Level Annotations

Branches:
Dungeon (3/15)

Altars:
Cheibriados

Shops:
D:1 (   D:2 !


Innate Abilities, Weirdness & Mutations

You are a hulking beast.
Your limbs bulge with bestial killing power. (Slay +1)
You cannot wear most types of armour.
You are amphibious.
You can wear up to eight rings at the same time.
Your skin changes colour to match your surroundings (Stealth+).
Your rubbery body absorbs attacks. (AC +1, EV +1)
((You are camouflaged when in or above water. (Stealth+)))
You have tentacles for arms and can constrict up to eight enemies at once.


Message History

Things that are here:
a +0 flail; a +0 ring mail
h - 3 poisoned darts (gained 1)
h - 4 poisoned darts (gained 1)
h - 5 poisoned darts (gained 1)
h - 6 poisoned darts (gained 1)
h - 7 poisoned darts (gained 1)
Things that are here:
a +0 flail; a +0 ring mail
Found a leather armour.
You see here a +0 leather armour.
Found a stone staircase leading down.
Found a book of Displacement and a glowing helmet.
No target in view!
No target in view!
You pick up a book of Displacement and begin reading...
You add the spells Lesser Beckoning, Gell's Gravitas and Teleport Other to your library.
You see here a +1 helmet.
An ogre comes into view. It is wielding a +0 giant club.
Found 5 stones.
The ogre shouts!
Throw: 7 darts (poison)
Press: ? - help, Q - select action, (/) - cycle Shift-Dir - straight line, f - ogre
Aim: an ogre, wielding a +0 giant club (73% to hit)
You throw a poisoned dart. The poisoned dart hits the ogre.
Throw: 6 darts (poison)
Press: ? - help, Q - select action, (/) - cycle Shift-Dir - straight line, f/p - ogre
Aim: an ogre, wielding a +0 giant club (73% to hit)
You throw a poisoned dart. The poisoned dart hits the ogre.
Throw: 5 darts (poison)
Press: ? - help, Q - select action, (/) - cycle Shift-Dir - straight line, f/p - ogre
Aim: an ogre, wielding a +0 giant club (73% to hit)
You throw a poisoned dart. The poisoned dart hits the ogre.
The ogre is poisoned.
Throw: 4 darts (poison)
Press: ? - help, Q - select action, (/) - cycle Shift-Dir - straight line, f/p - ogre
Aim: an ogre, wielding a +0 giant club (poisoned, 73% to hit)
You throw a poisoned dart. The poisoned dart hits the ogre.
The ogre looks even sicker.
Throw: 3 darts (poison)
Press: ? - help, Q - select action, (/) - cycle Shift-Dir - straight line, f/p - ogre
Aim: an ogre, wielding a +0 giant club (lightly wounded, very poisoned, 73% to hit)
You throw a poisoned dart.
The poisoned dart completely misses the ogre.
You barely miss the ogre. The ogre hits you with a +0 giant club!
You barely miss the ogre.
A frilled lizard comes into view.
The ogre hits you with a +0 giant club!!!
Ouch! That really hurt!
You die...

#......... #.# ##
#..#....## #.#...#
#..####... ## #.#...#
#..# #.## . ..#...# #..#
#.#. .####.#.#...#
#..####.#.
l.....#.#...###.........
.(((((O.................
###h#...####.####.#.
#............. .....
#.#.#########.###.##
#.#.# .# #.## #.#.# .#
#... # #.#.# .# #### #.
..#.# ##..#####.#
#.........#


You could see an ogre (very poisoned) and a frilled lizard (wandering).

Vanquished Creatures
  Terence (D:3)
  7 gnolls
  An adder (D:2)
  2 worms
  2 dart slugs
  4 endoplasms
  10 goblins
  5 hobgoblins
  8 kobolds
  2 quokkas (D:1)
  5 ball pythons
  2 bats (D:1)
  2 frilled lizards
  3 rats
54 creatures vanquished.

Notes
Turn   | Place    | Note
-------+----------+-------------------------------------------
     0 | D:1      | James the Octopode Shapeshifter began the quest for the
                  | Orb.
     0 | D:1      | Reached XP level 1. HP: 13/13 MP: 1/1
    30 | D:1      | Reached XP level 2. HP: 7/18 MP: 2/2
   330 | D:1      | Reached skill level 4 in Unarmed Combat
   414 | D:1      | Found Haus's Weapon Shop.
   425 | D:1      | Reached XP level 3. HP: 23/23 MP: 3/3
   946 | D:2      | Found a snail-covered altar of Cheibriados.
  1010 | D:2      | Reached XP level 4. HP: 28/28 MP: 4/4
  1138 | D:2      | Reached skill level 5 in Unarmed Combat
  1374 | D:2      | Found Meaf's Distillery.
  1382 | D:2      | Bought a potion of curing for 33 gold pieces
  1801 | D:2      | Found a snail-covered altar of Cheibriados.
  1892 | D:2      | Found Meaf's Distillery.
  2182 | D:3      | Reached XP level 5. HP: 35/35 MP: 5/5
  2297 | D:3      | Noticed Terence
  2305 | D:3      | Killed Terence
  2569 | D:3      | Noticed an ogre
  2576 | D:3      | Demolished by an ogre

Illustrated notes

Levels and vault maps discovered:
D:1:      minmay_arrival_solitary_statue, layout_rooms, serial_shops, shop,
          serial_bayou_pond_c
D:2:      layout_loops_ring, serial_shops, nicolae_shop_waterfront, basic_altar
D:3:      layout_basic, minmay_lizard_king, uniq_terence, uniq_natasha

Skill      XL: |  1  2  3  4  5 |
---------------+----------------+-----
Unarmed Combat | 4 5 |  5.0
Fighting       | 2 3 |  3.0
Dodging        | |  2.0
Shapeshifting  | |  3.2

Action                     |  1- 3 |  4- 6 || total
---------------------------+-------+-------++-------
  Melee: Unarmed           |    60 |    32 ||    92
         Constrict         |    16 |     9 ||    25
         Tentacles         |     8 |     9 ||    17
         Punch             |       |     2 ||     2
  Throw: Dart              |       |    22 ||    22
   Stab: Sleeping          |     6 |     2 ||     8
         Distracted        |     1 |       ||     1
 Armour: Skin              |    16 |     9 ||    25
  Dodge: Dodged            |    25 |     6 ||    31

Table legend: (Time is in decaauts)
 A = Elapsed time spent in this place.
 B = Non-inter-level travel time spent in this place.
 C = Inter-level travel time spent in this place.
 D = Time resting spent in this place.
 E = Time spent auto-exploring this place.
 F = Levels seen in this place.
 G = Mean time per level.
                   A        B        C        D        E       F      G
               +--------+--------+--------+--------+--------+-----+--------+
         Total |   2568 |   2468 |    100 |    183 |   1778 |   3 |  856.0 |
       Dungeon |   2568 |   2468 |    100 |    183 |   1778 |   3 |  856.0 |
               +--------+--------+--------+--------+--------+-----+--------+

Top non-repeatable levels by time:
     D:2: 1288 daAuts
     D:1: 757 daAuts
     D:3: 522 daAuts
